Map: Ultralove

Players

tatarvatar - Winner!

  • Race: Terran Terran
  • League: Master
  • Spawn Location: 1:00

ManlyManMeat

  • Race: Protoss Protoss
  • Spawn Location: 7:00

VOD

Have the link to the VOD?

Description

Time

  • Played on: May 15, 2025, 5:39 p.m.
  • Length: 6:01
Show
View Real Time Build Order
Export as new Build Order

tatarvatar Terran - Winner!

Build Orders:  

Get SALT Encoding   

  12  0:00  SCV  
  13  0:14  Supply Depot  
  13  0:18  SCV  
  14  0:30  SCV  
  15  0:37  Barracks  
  15  0:42  SCV  
  16  0:54  Supply Depot, SCV  
  17  1:04  Refinery  
  17  1:06  SCV  
  18  1:21  Barracks  
  18  1:27  Barracks, Marine  
  18  1:32  SCV  
  20  1:44  Orbital Command  
  20  1:48  Marine  
  21  2:07  Refinery  
  21  2:10  Engineering Bay  
  21  2:11  SCV  
  22  2:23  SCV  
  23  2:33  Barracks Tech Lab  
  23  2:34  Barracks Tech Lab  
  23  2:35  Barracks Reactor  
  23  2:41  SCV  
  24  2:47  Supply Depot  
  24  2:54  Stimpack  
  24  2:57  Marine  
  25  3:00  Marine  
  25  3:02  Combat Shield  
  26  3:10  Supply Depot  
  26  3:12  Marine x2  
  28  3:18  Marauder  
  28  3:19  Marauder  
  32  3:30  Marine x2  
  32  3:31  Terran Infantry Weapons Level 1  
  34  3:41  Supply Depot  
  34  3:46  Marauder  
  34  3:47  Marauder  
  38  3:48  Marine  
  38  3:51  Marine  
  40  4:05  Supply Depot  
  40  4:06  Marine  
  40  4:09  Marine  
  44  4:10  Marauder  
  44  4:13  Marauder  
  46  4:23  Concussive Shells  
  46  4:28  Marine  
  46  4:30  Marine  
  50  4:31  Marauder  
  50  4:34  Marauder  
  52  4:46  Marine  
  52  4:47  Marine  
  56  4:53  Marauder  
  56  4:55  Marauder  
  56  4:56  Factory  
  58  5:04  Marine  
  58  5:05  Marine  
  59  5:14  Marauder  
  59  5:17  Marauder  
  57  5:35  Marauder  
  57  5:36  Marine x2  
  57  5:38  Marauder  
  61  5:48  Command Center  
Show
View Real Time Build Order
Export as new Build Order

ManlyManMeat Protoss 

Build Orders: 1 Gate Expand 

Get SALT Encoding   

  12  0:00  Probe  
  13  0:12  Probe  
  14  0:18  Pylon  
  14  0:30  Probe  
  15  0:37  Gateway  
  15  0:43  Probe  
  15  0:47  Assimilator  
  16  0:55  Probe  
  17  1:04  Gateway  
  17  1:07  Probe  
  18  1:19  Probe  
  19  1:40  Nexus  
  19  1:50  Cybernetics Core  
  19  1:58  Pylon  
  19  2:00  Probe  
  20  2:18  Zealot x2  
  20  2:22  Probe  
  25  2:25  Assimilator  
  24  2:45  Robotics Facility  
  24  2:51  Warp Gate  
  26  2:52  Stalker  
  26  2:54  Probe  
  26  2:55  Stalker  
  26  2:57  Probe  
  28  3:03  Probe  
  30  3:09  Probe  
  32  3:15  Probe  
  33  3:21  Probe  
  34  3:27  Probe  
  35  3:35  Observer  
  36  3:43  Stargate  
  36  3:44  Probe  
  36  3:46  Probe  
  36  3:47  Stalker  
  40  3:56  Pylon, Probe  
  40  3:58  Probe  
  42  4:04  Stalker  
  42  4:09  Probe  
  44  4:12  Probe  
  44  4:16  Stalker  
  46  4:17  Probe  
  49  4:24  Probe, Assimilator  
  50  4:35  Robotics Bay  
  50  4:48  Gateway  
  50  4:54  Probe  
  50  4:56  Probe  
  50  4:57  Gateway  
  50  4:58  Gateway  
  52  5:01  Stalker  
  54  5:09  Probe x2  
  26  5:49  Stalker  
  31  5:54  Pylon  
Tags
 
League
Master
Matchup
PvT
Replay Pack
Multiplayer
Spawn Locations
Cross Positions
Add a new tag
Caveats
  • Supply blocks, unpowered buildings, or Contaminate may cause inaccurate times.
  • Supply counts are checked every 10 seconds.